 Dungeon Sprint DCSS version 0.30-a0-691-g754fce4c43 (webtiles) character file.

Game seed: 13162263717792639026

1079 BigDaddyOpFi the Fighter (level 8, -18/71 HPs)
             Began as a Demonspawn Fighter on Jan 19, 2023.
             Was a High Priest of Qazlal.
             Demolished by a sun demon (19 damage)
             ... in the Dungeon (Sprint VII: "The Pits").
             The game lasted 00:02:22 (1529 turns).

BigDaddyOpFi the Fighter (Demonspawn Fighter)       Turns: 1529, Time: 00:02:22

Health: -18/71     AC: 17    Str: 18    XL:     8   Next: 8%
Magic:  8/8        EV:  7    Int: 11    God:    Qazlal [*****.]
Gold:   0          SH: 13    Dex: 12    Spells: 7/7 levels left

rFire   . . .      SeeInvis .    a - +0 war axe
rCold   . . .      Faith    .    c - +0 buckler
rNeg    . . .      Spirit   .    f - +3 chain mail
rPois   .          Reflect  .    (helmet restricted)
rElec   .          Harm     .    (no cloak)
rCorr   .          Rampage  .    (no gloves)
Will    .....      NoTele   +    (no boots) Stlth
                                 (no amulet)
HPRegen 0.31/turn                (no ring)
MPRegen 0.22/turn                (no ring)

@: mighty, protected from physical damage, repel missiles
A: antennae 1, powered by pain 2, magic regeneration
a: Renounce Religion, Upheaval, Elemental Force, Disaster Area


You were in the Dungeon.
You worshipped Qazlal.
Qazlal was extremely pleased with you.
You visited 1 branch

Inventory:

Hand Weapons
 a - a +0 war axe (weapon)
Armour
 c - a +0 buckler (worn)
 f - a +3 chain mail (worn)
Scrolls
 j - a scroll of blinking
 l - 5 scrolls of amnesia
 m - a scroll of summoning
Potions
 e - a potion of attraction {unknown}
 g - a potion of haste
 h - 4 potions of magic
 i - 3 potions of berserk rage
 k - 2 potions of invisibility
 n - a potion of heal wounds
 o - 5 potions of curing


   Skills:
 + Level 9.5 Fighting
 + Level 8.4 Axes
 + Level 8.7 Armour
 + Level 8.7 Shields
 * Level 0.1 Invocations


You had 7 spell levels left.
You didn't know any spells.
Your spell library was empty.

Dungeon Overview and Level Annotations

Branches:
Dungeon (1/1)

Altars:
Ashenzari
Cheibriados
Dithmenos
Fedhas
Gozag
Hepliaklqana
Kikubaaqudgha
Makhleb
Nemelex Xobeh
Okawaru
Qazlal
Ru
Sif Muna
Trog
Uskayaw
Vehumet
Wu Jian
Xom
Yredelemnul
Jiyva
Lugonu


Innate Abilities, Weirdness & Mutations

You have a pair of small antennae on your head.
You sometimes gain power by taking damage.
You regenerate magic rapidly.


Message History

The sun demon is heavily wounded.
You block the sun demon's attack.
The orc is engulfed in blazing flames.
You kill the orc!
Qazlal accepts your kill.
You closely miss the sun demon.
The sun demon is heavily wounded.
The sun demon hits you but does no damage.
You closely miss the sun demon.
The sun demon is heavily wounded.
The sun demon hits you but does no damage.
You block the sun demon's attack.
You hit the sun demon but do no damage.
The sun demon is heavily wounded.
You block the sun demon's attack.
You slash the sun demon!
The sun demon is severely wounded.
Your protection from physical attacks is fading.
You block the sun demon's attack.
You slash the sun demon!
The sun demon is almost dead.
You block the sun demon's attack. The sun demon hits you!
You are engulfed in flames!!
* * * LOW HITPOINT WARNING * * *
You closely miss the sun demon.
The sun demon is almost dead.
You block the sun demon's attack.
You feel much better. You block the sun demon's attack.
You hit the sun demon but do no damage.
The sun demon is almost dead.
You block the sun demon's attack. The sun demon hits you!
You focus on the pain.
You feel very mighty all of a sudden.
You are engulfed in flames!!
* * * LOW HITPOINT WARNING * * *
You hit the sun demon but do no damage.
The sun demon is almost dead.
The sun demon hits you!
* * * LOW HITPOINT WARNING * * *
You are engulfed in flames!!
You die...

#.#..#.))).##.......#
#)###########.......#
#)......#.. #########
#.......#.# ####
#...#...#.#....#
#..###..#รท#....#
#...#...#{ooo..+
#.......#3#.3..#
#.......'@# ...#
########### ###


You could see a sun demon and an orc.

Vanquished Creatures
  Pikel (D)
  Grinder (D)
  A tarantella (D)
  A flying skull (D)
  A fire bat (D)
  Menkaure (D)
  2 lemures (D)
  A gnoll sergeant (D)
  A necrophage (D)
  A scorpion (D)
  A quasit (D)
  A mummy (D)
  3 gnolls (D)
  An adder (D)
  A river rat (D)
  An orc (D)
  A bat (D)
  A bat skeleton (D)
  2 endoplasms (D)
  A goblin (D)
  A hobgoblin (D)
  5 jackals (D)
30 creatures vanquished.

Notes
Turn   | Place    | Note
-------+----------+-------------------------------------------
     0 | D        | BigDaddyOpFi the Demonspawn Fighter began the quest for the
                  | Orb.
     0 | D        | Reached XP level 1. HP: 18/18 MP: 1/1
    23 | D        | Found a bloodstained altar of Trog.
    23 | D        | Found a shimmering blue altar of Sif Muna.
    23 | D        | Found a viscous altar of Jiyva.
    23 | D        | Found a hazy altar of Hepliaklqana.
    23 | D        | Found an opulent altar of Gozag.
    24 | D        | Found a basalt altar of Yredelemnul.
    24 | D        | Found a shimmering altar of Xom.
    24 | D        | Found an ornate altar of the Wu Jian Council.
    24 | D        | Found a sacrificial altar of Ru.
    24 | D        | Found a stormy altar of Qazlal.
    24 | D        | Found an iron altar of Okawaru.
    24 | D        | Found a sparkling altar of Nemelex Xobeh.
    24 | D        | Found a burning altar of Makhleb.
    24 | D        | Found a blossoming altar of Fedhas.
    24 | D        | Found a shadowy altar of Dithmenos.
    24 | D        | Found a snail-covered altar of Cheibriados.
    26 | D        | Found a radiant altar of Vehumet.
    26 | D        | Found a corrupted altar of Lugonu.
    27 | D        | Found a hide-covered altar of Uskayaw.
    27 | D        | Found an ancient bone altar of Kikubaaqudgha.
    27 | D        | Found a broken altar of Ashenzari.
    31 | D        | Became a worshipper of Qazlal Stormbringer
    65 | D        | Noticed a scorpion
    74 | D        | Killed a scorpion
    75 | D        | Reached skill level 4 in Fighting
    75 | D        | Gained mutation: You regenerate magic rapidly. [demonic
                  | ancestry]
    75 | D        | Reached XP level 2. HP: 5/26 MP: 2/2
    75 | D        | Reached XP level 3. HP: 6/31 MP: 3/3
   310 | D        | Reached * piety under Qazlal
   316 | D        | Noticed Grinder
   326 | D        | Reached ** piety under Qazlal
   328 | D        | Gained mutation: You have a pair of small antennae on your
                  | head. [demonic ancestry]
   328 | D        | Reached XP level 4. HP: 37/38 MP: 4/4
   338 | D        | Paralysed by Grinder for 5 turns
   345 | D        | Paralysed by Grinder for 2 turns
   351 | D        | Paralysed by Grinder for 3 turns
   356 | D        | Killed Grinder
   356 | D        | Reached *** piety under Qazlal
   357 | D        | Reached skill level 6 in Fighting
   357 | D        | Reached skill level 5 in Axes
   357 | D        | Reached XP level 5. HP: 33/47 MP: 5/5
   357 | D        | Gained mutation: You sometimes gain a little power by
                  | taking damage. [demonic ancestry]
   357 | D        | Reached XP level 6. HP: 37/53 MP: 6/6
   497 | D        | Noticed Pikel
   501 | D        | Reached skill level 7 in Fighting
   507 | D        | Noticed Menkaure
   523 | D        | Killed Pikel
   524 | D        | Reached **** piety under Qazlal
   530 | D        | Killed Menkaure
   530 | D        | Reached ***** piety under Qazlal
   531 | D        | Reached skill level 8 in Fighting
   531 | D        | Reached XP level 7. HP: 9/62 MP: 7/7
   919 | D        | Noticed a tarantella
   938 | D        | Killed a tarantella
  1235 | D        | Noticed a flying skull
  1235 | D        | Noticed a fire bat
  1251 | D        | Reached skill level 9 in Fighting
  1259 | D        | Killed a fire bat
  1265 | D        | Killed a flying skull
  1266 | D        | Gained mutation: You sometimes gain power by taking damage.
                  | [demonic ancestry]
  1266 | D        | Reached XP level 8. HP: 27/71 MP: 8/8
  1508 | D        | Noticed a sun demon
  1529 | D        | HP: 1/71 [sun demon (9)]
  1529 | D        | Demolished by a sun demon

Illustrated notes

Levels and vault maps discovered:
D:        pitsprint [storerooms_1, entrance_room_1, metal_vault_6, armoury_1,
          mini_pit_1, grid_room_1, main_hall_1, silver_pit, the_coven_1,
          the_vestibule_1, steel_vault_4, golden_pit, hallway_of_sentries,
          crystal_vault_4, iron_vault_4, final_vault]

Skill      XL: |  1  2  3  4  5  6  7 |
---------------+----------------------+-----
Axes           | 3 5 7 8 |  8.4
Armour         | 4 6 7 8 |  8.7
Shields        | 4 6 7 8 |  8.7
Fighting       | 4 6 8 9 |  9.5
Invocations    | |  0.1

Action                   |  1- 3 |  4- 6 |  7- 9 || total
-------------------------+-------+-------+-------++-------
Melee: War axe           |    23 |    38 |    56 ||   117
  Use: Potion            |     2 |     3 |     2 ||     7
Armor: Scale mail        |    18 |     4 |       ||    22
       Chain mail        |       |     8 |    31 ||    39
Dodge: Dodged            |    14 |    14 |    13 ||    41
Block: Buckler           |     9 |    17 |    28 ||    54

Table legend: (Time is in decaauts)
 A = Elapsed time spent in this place.
 B = Non-inter-level travel time spent in this place.
 C = Inter-level travel time spent in this place.
 D = Time resting spent in this place.
 E = Time spent auto-exploring this place.
 F = Levels seen in this place.
 G = Mean time per level.
                   A        B        C        D        E       F      G
               +--------+--------+--------+--------+--------+-----+--------+
         Total |   1555 |   1534 |     21 |   1195 |      0 |   1 | 1555.0 |
       Dungeon |   1555 |   1534 |     21 |   1195 |      0 |   1 | 1555.0 |
               +--------+--------+--------+--------+--------+-----+--------+

Top non-repeatable levels by time:
       D: 1555 daAuts
